Map: Alcyone LE

Players

Dollar - Winner!

  • Race: Zerg Zerg
  • League: Platinum
  • Spawn Location: 7:00

DoctorB

  • Race: Terran Terran
  • League: Gold
  • Spawn Location: 1:00

VOD

Have the link to the VOD?

Description

Time

  • Played on: Aug. 20, 2024, 7:10 a.m.
  • Length: 28:13
Show
View Real Time Build Order
Export as new Build Order

Dollar Zerg - Winner!

Build Orders: Pool First 

Get SALT Encoding   

  12  0:01  Drone  
  13  0:12  Overlord  
  13  0:16  Drone  
  14  0:31  Drone x2  
  14  0:35  Drone  
  17  0:46  Spawning Pool  
  17  0:48  Drone  
  17  1:11  Hatchery  
  16  1:12  Drone  
  16  1:15  Extractor  
  16  1:19  Drone  
  17  1:33  Queen  
  17  1:35  Zergling x2  
  17  1:36  Zergling x2  
  21  1:44  Overlord  
  21  1:53  Drone  
  22  2:07  Drone  
  23  2:19  Metabolic Boost  
  23  2:21  Drone  
  24  2:23  Queen  
  24  2:24  Drone x2  
  28  2:37  Zergling x4  
  29  2:46  Extractor  
  29  2:49  Drone, Baneling Nest  
  29  2:50  Drone x3  
  31  3:12  Drone x4  
  35  3:23  Evolution Chamber  
  35  3:27  Queen, Evolution Chamber  
  35  3:38  Lair  
  35  3:43  Overlord  
  35  4:12  Drone x5  
  35  4:13  Drone x3  
  43  4:22  Roach Warren  
  43  4:24  Drone  
  43  4:28  Overlord  
  43  4:30  Overlord  
  43  4:47  Hydralisk Den, Drone  
  43  4:48  Drone x8  
  51  4:55  Extractor  
  51  4:57  Extractor  
  49  5:00  Zergling x2  
  49  5:01  Zergling x6  
  49  5:03  Overseer  
  53  5:08  Queen  
  53  5:12  Glial Reconstitution  
  55  5:21  Drone x2  
  55  5:22  Drone x2  
  55  5:27  Overlord x2  
  59  5:44  Pneumatized Carapace  
  59  6:10  Nydus Network  
  58  6:14  Drone x2  
  58  6:15  Infestation Pit, Centrifugal Hooks  
  58  6:16  Baneling x3  
  58  6:17  Baneling x4  
  59  6:19  Zergling x2, Roach x4  
  59  6:20  Hydralisk, Roach  
  59  6:21  Roach  
  59  6:23  Overlord x2  
  74  6:38  Zerg Ground Armor Level 1  
  74  6:41  Overlord x4  
  74  6:54  Hatchery  
  74  6:59  Overseer  
  73  7:07  Nydus Canal  
  73  7:23  Nydus Canal  
  73  7:27  Roach x4  
  73  7:28  Roach x9  
  99  7:47  Extractor  
  89  7:52  Extractor  
  87  8:02  Nydus Canal  
  87  8:05  Zergling x14  
  88  8:06  Roach x4  
  100  8:20  Nydus Canal  
  80  8:46  Roach x11  
  100  9:04  Zergling x12  
  105  9:22  Zerg Ground Armor Level 2, Zerg Missile Weapons Level 1  
  105  9:25  Baneling  
  105  9:26  Baneling x11  
  105  9:27  Zergling x12  
  111  9:33  Drone x3  
  111  9:34  Drone x3  
  117  9:43  Drone  
  118  9:47  Hive  
  118  9:48  Grooved Spines  
  118  10:01  Zergling x12  
  118  10:02  Zergling x4  
  118  10:03  Hydralisk x2  
  118  10:06  Overlord  
  130  10:07  Overlord  
  130  10:09  Overseer  
  130  10:14  Overlord  
  130  10:20  Overseer  
  130  10:24  Baneling  
  130  10:25  Baneling x9  
  130  10:35  Overseer x2  
  130  10:38  Muscular Augments  
  130  11:05  Neural Parasite  
  130  11:10  Hatchery  
  129  11:15  Overlord x2  
  129  11:16  Overlord x2  
  95  12:18  Hydralisk  
  95  12:19  Hydralisk x6  
  95  12:20  Zergling x10  
  95  12:21  Zergling x14  
  125  12:22  Roach  
  125  12:23  Roach x8  
  125  12:24  Roach  
  125  12:28  Nydus Canal  
  113  13:09  Infestor x2  
  113  13:10  Infestor x5  
  127  13:15  Zergling x12  
  127  13:18  Roach x6  
  127  13:19  Roach x4  
  153  13:23  Drone x3  
  156  13:35  Zerg Ground Armor Level 3  
  156  13:43  Baneling  
  156  13:44  Baneling x5  
  156  13:47  Overseer x3  
  156  14:42  Zergling x2  
  156  14:43  Zergling x14  
  164  14:56  Zergling x6  
  164  14:57  Overlord x2  
  164  14:58  Overlord x2  
  75  15:39  Zergling x2  
  75  15:40  Zergling x22, Roach  
  75  15:41  Roach x13  
  75  15:42  Hydralisk x2  
  105  15:43  Hydralisk x7  
  123  15:55  Extractor  
  123  15:56  Extractor  
  121  15:59  Drone x6  
  127  16:16  Baneling x2  
  127  16:17  Baneling x9  
  123  16:44  Ultralisk Cavern  
  122  16:51  Zergling x2  
  122  16:52  Zergling x2  
  125  16:54  Zergling x2  
  75  17:33  Zergling x12  
  75  17:34  Zergling x4, Roach x2  
  75  17:35  Roach x7, Hydralisk x4  
  75  17:36  Hydralisk  
  121  17:37  Ultralisk x4  
  121  17:43  Baneling  
  133  17:44  Baneling x4  
  133  17:45  Baneling  
  133  18:08  Hatchery  
  133  18:11  Baneling x3  
  133  18:12  Baneling x6  
  132  18:13  Roach x3  
  132  18:14  Roach x4  
  146  18:24  Chitinous Plating  
  99  19:09  Zergling x2  
  100  19:10  Zergling x20  
  100  19:14  Ultralisk x3  
  100  19:15  Ultralisk x2  
  140  19:44  Unknown  
  138  19:51  Baneling x8  
  138  19:52  Baneling  
  137  19:54  Roach x3  
  137  19:55  Roach x11  
  144  20:40  Zergling x18  
  144  20:41  Zergling x6  
  144  20:42  Zergling x4  
  158  20:43  Roach x2  
  158  20:44  Roach x3  
  158  20:48  Infestor x3  
  174  20:50  Overlord x4  
  174  21:01  Baneling  
  174  21:02  Baneling x10  
  174  21:09  Baneling x2  
  174  21:10  Baneling x6  
  174  21:32  Overseer x6  
  174  21:33  Hatchery  
  174  21:35  Overlord x4  
  173  21:54  Hatchery  
  173  22:01  Infestor x5  
  174  22:05  Zergling x2  
  174  22:08  Zergling x2  
  184  22:09  Zergling x2  
  66  23:02  Ultralisk x2  
  66  23:03  Ultralisk x3  
  98  23:05  Roach  
  98  23:29  Ravager x3  
  98  23:31  Roach x7  
  98  23:33  Zergling x2  
  116  23:54  Drone x2  
  118  23:55  Drone  
  118  23:58  Extractor  
  118  24:04  Drone  
  118  24:06  Drone x5  
  118  24:07  Drone x8  
  118  24:08  Drone  
  107  25:11  Roach x3  
  107  25:12  Zergling x14, Roach x6  
  107  25:13  Ultralisk x3  
  150  25:17  Zergling x16  
  150  25:19  Hydralisk x2  
  150  25:20  Hydralisk x5  
  172  25:32  Ravager x7  
  172  25:34  Roach x5  
  151  26:52  Zergling x16  
  151  26:53  Zergling x4  
  151  26:54  Hydralisk x9  
  161  26:55  Roach  
  161  26:56  Roach x6, Ultralisk  
  199  27:04  Extractor  
  199  27:06  Extractor  
  197  27:17  Baneling x9  
  197  27:18  Baneling x3  
  197  27:19  Zergling x6  
  200  27:39  Nydus Canal  
Show
View Real Time Build Order
Export as new Build Order

DoctorB Terran 

Build Orders:  

Get SALT Encoding   

  12  0:00  SCV  
  13  0:12  SCV  
  14  0:22  Supply Depot  
  14  0:25  Refinery  
  14  0:29  SCV  
  15  0:44  SCV  
  15  0:48  Barracks  
  16  0:56  SCV  
  17  1:09  Supply Depot  
  17  1:11  SCV  
  18  1:16  Refinery  
  18  1:32  Barracks  
  18  1:35  Reaper  
  20  1:40  SCV  
  20  1:52  SCV  
  21  2:00  Factory  
  21  2:04  SCV  
  21  2:07  Reaper  
  23  2:20  Reaper  
  23  2:39  Command Center  
  23  2:40  SCV  
  24  2:46  Marine  
  25  2:51  Factory Tech Lab  
  25  2:52  Marine  
  26  3:03  Orbital Command  
  26  3:13  Siege Tank  
  29  3:23  Marine, Barracks Tech Lab  
  30  3:34  Supply Depot  
  30  3:39  SCV  
  30  3:41  Marine x2  
  33  3:51  SCV  
  33  4:04  Marine x2  
  34  4:10  SCV  
  34  4:11  Starport  
  34  4:16  Engineering Bay  
  35  4:20  SCV  
  37  4:25  Refinery  
  37  4:28  Concussive Shells  
  36  4:34  Marauder  
  36  4:36  Barracks Reactor, SCV  
  39  4:49  Starport Tech Lab  
  39  4:52  Supply Depot  
  39  4:59  SCV  
  40  5:00  Barracks  
  40  5:07  Orbital Command  
  40  5:10  Medivac  
  40  5:11  SCV  
  43  5:16  Marine x2  
  45  5:26  Missile Turret  
  45  5:32  Missile Turret  
  45  5:35  Starport  
  45  5:38  SCV  
  46  5:50  Missile Turret, Marine x2  
  46  5:52  Siege Tank  
  46  5:56  Terran Infantry Weapons Level 1  
  51  6:02  Factory  
  51  6:05  SCV  
  51  6:09  Combat Shield  
  52  6:11  SCV  
  52  6:15  Barracks Tech Lab  
  53  6:19  Starport Tech Lab  
  53  6:23  SCV  
  53  6:25  Siege Tank  
  57  6:30  SCV  
  58  6:37  SCV  
  58  6:38  Missile Turret  
  59  6:42  SCV, Stimpack  
  59  6:43  Marine  
  61  6:49  SCV  
  61  6:51  Bunker  
  61  6:53  Marine  
  61  6:54  Marauder  
  65  6:56  Factory Tech Lab  
  65  7:01  SCV  
  65  7:06  Refinery  
  66  7:11  SCV  
  66  7:13  SCV  
  68  7:23  SCV  
  68  7:26  SCV  
  70  7:30  Missile Turret  
  70  7:44  Marine x2, Marauder  
  70  7:45  Marauder  
  59  8:02  Marine x2  
  53  8:06  Marauder x2  
  53  8:19  Marine  
  50  8:20  Marine  
  51  8:27  Marine, Marauder  
  46  8:34  SCV  
  46  8:37  Marine x2  
  46  8:45  Marauder  
  48  8:49  Marauder  
  48  8:55  Marine x2  
  48  9:02  SCV  
  49  9:07  Marauder  
  49  9:09  Factory Tech Lab  
  51  9:10  Marauder  
  51  9:13  Marine  
  51  9:14  SCV  
  55  9:19  Missile Turret  
  55  9:22  Missile Turret, Marine  
  56  9:26  SCV  
  56  9:28  Marauder  
  56  9:31  Marine x2  
  61  9:38  SCV  
  61  9:42  Viking x2  
  66  9:51  SCV  
  67  9:56  Widow Mine  
  67  9:58  Marine x2  
  67  9:59  Marine, Marauder  
  74  10:03  SCV  
  75  10:12  Medivac  
  77  10:15  SCV  
  77  10:17  Missile Turret  
  78  10:28  Neosteel Armor  
  78  10:31  Armory  
  78  10:37  Command Center  
  78  10:56  Medivac  
  78  10:57  SCV  
  81  10:58  Marine x2  
  81  10:59  Marauder x2, Siege Tank  
  81  11:00  Siege Tank  
  93  11:09  SCV  
  94  11:30  Supply Depot  
  94  11:31  Supply Depot  
  94  11:47  Refinery  
  94  11:49  SCV, Marine x2, Medivac, Marauder  
  94  11:50  Bunker  
  94  11:53  Marine  
  102  11:55  Bunker  
  102  12:02  Terran Vehicle Weapons Level 1  
  100  12:11  Marauder  
  86  12:18  Marine x2  
  86  12:19  Marauder  
  90  12:26  SCV  
  91  12:32  Marine  
  91  12:36  Marine x2, Planetary Fortress  
  94  12:38  SCV  
  94  12:40  Marine  
  96  12:44  Siege Tank  
  96  12:49  Marine  
  96  12:51  Missile Turret  
  100  12:54  Marine  
  100  12:55  Supply Depot  
  100  12:58  Marauder  
  97  13:08  Marine x2  
  97  13:09  Siege Tank  
  102  13:14  Terran Infantry Armor Level 1  
  102  13:19  Marauder  
  104  13:21  Armory  
  104  13:31  Missile Turret  
  104  13:32  Marine  
  104  13:33  Marine  
  106  13:41  SCV  
  107  13:49  Engineering Bay  
  107  13:50  Viking  
  107  13:51  Marine  
  107  13:53  SCV  
  107  13:55  Missile Turret  
  111  13:58  SCV, Supply Depot  
  112  14:05  SCV  
  113  14:10  SCV  
  113  14:16  Marine  
  113  14:17  Marine, Marauder  
  117  14:20  SCV  
  115  14:32  SCV  
  115  14:33  Marine  
  115  14:34  Marine, Siege Tank  
  115  14:35  Siege Tank  
  126  14:38  Marauder, Medivac  
  126  14:45  Fusion Core, Terran Vehicle And Ship Armor Level 1  
  128  15:03  SCV  
  128  15:06  Supply Depot x2  
  129  15:07  Supply Depot x2  
  129  15:11  Supply Depot  
  129  15:12  Refinery  
  124  15:15  SCV  
  93  15:32  Marine x3, Marauder  
  84  15:37  Siege Tank x2  
  90  15:50  Marine x2  
  90  15:51  Marauder  
  90  15:53  Marine  
  95  16:05  Terran Ship Weapons Level 1  
  95  16:07  Hi-Sec Auto Tracking, Marine  
  95  16:08  Marine, Terran Infantry Armor Level 2  
  95  16:09  Siege Tank  
  100  16:11  Marine  
  100  16:12  Marauder  
  100  16:16  Siege Tank  
  106  16:25  Marine x2  
  106  16:30  Marauder  
  110  16:33  Marauder  
  110  16:35  SCV  
  113  16:42  Caduceus Reactor  
  113  16:43  Marine  
  113  16:44  Marine  
  113  16:45  Viking  
  117  16:47  SCV  
  117  16:51  Marine  
  119  17:00  Refinery  
  103  17:14  Marine x2  
  103  17:15  Marauder x2  
  86  17:28  Widow Mine, Siege Tank  
  85  17:32  Marine  
  85  17:35  Marine  
  85  17:36  Marine, Marauder  
  90  17:37  Medivac x2  
  94  17:46  SCV, Command Center  
  94  17:49  Widow Mine  
  94  17:51  Supply Depot  
  97  17:58  SCV  
  97  18:01  Widow Mine  
  100  18:10  SCV, Siege Tank  
  104  18:13  Factory, Terran Vehicle And Ship Armor Level 2  
  104  18:27  Marine, Marauder  
  85  18:54  Marine x2  
  85  18:55  Marauder  
  86  19:03  Planetary Fortress  
  86  19:09  SCV  
  87  19:15  Bunker  
  87  19:21  SCV  
  88  19:25  Siege Tank x2  
  88  19:26  Marine x3  
  88  19:27  Marine  
  88  19:28  Liberator  
  101  19:37  SCV  
  102  19:39  Terran Infantry Weapons Level 2  
  102  19:40  Advanced Ballistics  
  102  19:45  Marauder x2  
  106  19:48  Bunker  
  106  19:49  Marine  
  106  19:50  Marine  
  108  19:57  Factory Tech Lab, Siege Tank  
  111  20:06  Marine x2  
  113  20:07  Marine x2  
  115  20:17  Refinery  
  110  20:24  Marine, Marauder  
  110  20:25  Marine x2  
  112  20:34  Widow Mine x2  
  116  20:42  Marauder  
  118  20:43  Marine  
  118  20:45  Marauder  
  118  20:49  Marine  
  122  20:51  Liberator  
  125  21:01  Marine  
  125  21:03  Marauder  
  128  21:07  Marauder  
  130  21:22  Supply Depot  
  130  21:26  Command Center  
  130  21:31  Marine  
  131  21:43  Terran Infantry Armor Level 3  
  131  21:45  Terran Vehicle Weapons Level 2  
  131  21:58  Drilling Claws, Smart Servos  
  77  22:32  Marine x2  
  77  22:33  Marauder x2  
  83  22:50  Marine x2  
  79  22:53  Marine  
  79  22:54  Marauder  
  82  23:07  Marine  
  82  23:08  Marine  
  82  23:12  Marauder  
  86  23:15  Marauder  
  88  23:21  Viking  
  88  23:25  Marine  
  88  23:26  Marine  
  92  23:33  Marine  
  93  23:36  Marine  
  93  23:37  Terran Ship Weapons Level 2  
  94  23:43  Planetary Fortress  
  94  23:53  Marine x2, Marauder  
  98  24:04  Liberator x2  
  104  24:14  Command Center  
  104  24:20  Widow Mine x2  
  106  24:43  Marine x2  
  106  24:44  Marauder  
  82  24:57  Marine  
  81  25:05  Marauder  
  76  25:10  Marine  
  76  25:14  Marine  
  75  25:15  Marauder  
  78  25:26  Marauder  
  78  25:27  Planetary Fortress  
  80  25:28  Marine  
  80  25:31  Refinery  
  80  25:32  Marine, Liberator x2  
  88  25:36  Marauder  
  90  25:46  Marine  
  90  25:47  Marine, Siege Tank  
  90  25:48  Siege Tank  
  98  25:58  Marauder  
  98  26:01  Missile Turret  
  98  26:02  Missile Turret  
  97  26:05  SCV  
  98  26:12  SCV  
  98  26:17  SCV, Marine  
  98  26:18  Marine x2  
  100  26:22  Missile Turret  
  100  26:24  SCV  
  92  26:36  SCV  
  59  26:50  Marine x2, Marauder  
  61  26:54  Marine  
  62  27:02  Medivac  
  62  27:07  Marine  
  65  27:12  Marauder  
  67  27:25  Orbital Command  
Tags
 
Matchup
TvZ
Opening
Pool First
Spawn Locations
Cross Positions
Add a new tag
Caveats
  • Supply blocks, unpowered buildings, or Contaminate may cause inaccurate times.
  • Supply counts are checked every 10 seconds.